 Dungeon Crawl Stone Soup version 0.23-a0-368-g82e90586b2 (webtiles) character file.

1720996 MeekVeins the Sorcerer (level 27, 151/151 HPs)
             Began as a Spriggan Conjurer on Oct 18, 2018.
             Was the Champion of Ashenzari.
             Escaped with the Orb
             ... and 3 runes on Oct 24, 2018!
             The game lasted 10:36:05 (67596 turns).

MeekVeins the Sorcerer (Spriggan Conjurer)         Turns: 67596, Time: 10:36:06

Health: 151/151    AC: 12    Str:  6    XL:     27
Magic:  54/54      EV: 40    Int: 33    God:    Ashenzari [******]
Gold:   5054       SH: 10    Dex: 20    Spells: 16/79 levels left

rFire    + + .     SeeInvis +   b - +9 quick blade (chaos)
rCold    + . .     Gourm    .   q - +1 buckler of Vuuttij {Regen+ Str+4} (curse)
rNeg     . . .     Faith    .   t - +2 robe {Archmagi} (curse)
rPois    .         Spirit   .   u - +4 hat of the Princeling {rElec Dex+3} (curse)
rElec    +         Reflect  .   x - +3 cloak of Lyhat {MR+ Regen+} (curse)
rCorr    .         Harm     .   (gloves unavailable)
MR       +++++     Clarity  +   (boots unavailable)
Stlth    ++++......             h - amulet of magic regeneration (curse)
HPRegen  1.15/turn              k - ring of Cuphaet {Wiz rF+ rC+ MR+} (curse)
MPRegen  0.59/turn              n - ring "Acsapt" {rF+ Str-4 Int+8} (curse)

@: very quick
A: very small, unfitting armour, see invisible, clumsy 1, deterioration 1,
herbivore, speed 3, screaming 1, slow metabolism 2
0: Orb of Zot
}: 3/15 runes: barnacled, silver, gossamer
a: Curse Item, Scrying, Transfer Knowledge, Renounce Religion


You escaped.
You worshipped Ashenzari.
Ashenzari was exalted by your worship.
You were not hungry.

You visited 10 branches of the dungeon, and saw 50 of its levels.
You visited 1 bazaar.
You also visited: Labyrinth and Desolation.

You collected 9106 gold pieces.
You spent 4052 gold pieces at shops.

Inventory:

Hand Weapons
 a - the +2 dagger "Jellybane" {freeze, +Inv rElec rN+ Dex+7}
   (You took it off a deep elf demonologist on level 3 of the Elven Halls)

   It has been specially enchanted to freeze those struck by it, causing extra
   injury to most foes and up to half again as much damage against particularly
   susceptible opponents.
   It can also slow down cold-blooded creatures.
   It affects your dexterity (+7).
   It insulates you from electricity.
   It protects you from negative energy.
   It lets you turn invisible.
 b - a +9 quick blade of chaos (weapon)
Missiles
 p - 1698 arrows
 Z - 10 throwing nets (quivered)
Armour
 q - the cursed +1 buckler of Vuuttij (worn) {Regen+ Str+4}
   (You bought it in a shop on level 3 of the Elven Halls)

   It affects your strength (+4).
   It increases your rate of regeneration.
   It has a curse placed upon it.
 t - a cursed +2 robe of the Archmagi (worn)
 u - the cursed +4 hat of the Princeling (worn) {rElec Dex+3}
   (You found it in a labyrinth)

   It affects your dexterity (+3).
   It insulates you from electricity.
   It has a curse placed upon it.
 x - the cursed +3 cloak of Lyhat (worn) {MR+ Regen+}
   (You found it in a labyrinth)

   It affects your resistance to hostile enchantments.
   It increases your rate of regeneration.
   It has a curse placed upon it.
Jewellery
 h - a cursed amulet of magic regeneration (around neck)
 k - the cursed ring of Cuphaet (left hand) {Wiz rF+ rC+ MR+}
   (You found it on level 15 of the Dungeon)

   [ring of wizardry]

   It improves your spell success rate.
   It protects you from fire.
   It protects you from cold.
   It affects your resistance to hostile enchantments.
   It has a curse placed upon it.
 n - the cursed ring "Acsapt" (right hand) {rF+ Str-4 Int+8}
   (You found it on level 6 of the Dungeon)

   [ring of protection from fire]

   It affects your strength (-4).
   It affects your intelligence (+8).
   It protects you from fire.
   It has a curse placed upon it.
Wands
 f - a wand of polymorph (57)
 A - a wand of acid (9)
 D - a wand of digging (3)
 E - a wand of enslavement (24)
 I - a wand of iceblast (16)
 O - a wand of clouds (6)
 P - a wand of paralysis (54)
 V - a wand of flame (33)
Scrolls
 c - 5 scrolls of immolation
 d - 4 scrolls of fog
 m - a scroll of torment
 o - 7 scrolls of vulnerability
 r - 8 scrolls of fear
 B - 5 scrolls of blinking
 J - a scroll of silence
 M - 3 scrolls of magic mapping
 N - 11 scrolls of remove curse
 R - 35 scrolls of identify
 T - 19 scrolls of teleportation
 X - 2 scrolls of holy word
Potions
 e - 8 potions of mutation {!q}
 g - a potion of invisibility
 i - 3 potions of resistance {!q trove}
 j - 8 potions of brilliance
 s - 7 potions of berserk rage
 v - 8 potions of lignification
 w - 3 potions of haste
 y - 9 potions of heal wounds
 C - 7 potions of ambrosia
 F - 7 potions of agility
 H - 6 potions of flight
 K - 2 potions of cancellation
 L - 6 potions of magic
 Q - 16 potions of curing
 S - 10 potions of might
Miscellaneous
 G - a lightning rod (4/4)
 U - 3 phantom mirrors
 W - 3 sacks of spiders
 Y - a lamp of fire
Comestibles
 z - 55 rations


   Skills:
 - Level 18.0 Fighting
 - Level 16.0 Short Blades
 - Level 2.0 Armour
 - Level 23.9(27) Dodging
 - Level 23.7(27) Stealth
 - Level 7.2(10.2) Shields
 + Level 26.7 Spellcasting
 - Level 11.8(16.0) Conjurations
 - Level 16.1(20.0) Hexes
 - Level 7.5(12.0) Charms
 - Level 5.6(10.1) Summonings
 - Level 4.0(8.2) Necromancy
 - Level 11.8(16.0) Translocations
 - Level 7.5(12.0) Transmutations
 - Level 2.4(6.0) Air Magic
   Level 0.6(2.6) Poison Magic
 - Level 11.8(16.0) Evocations


You had 16 spell levels left.
You knew the following spells:

 Your Spells              Type           Power        Failure   Level  Hunger
a - Spellforged Servitor  Conj/Summ      ########..   1%          7    None
c - Confuse               Hex            ########     0%          3    None
d - Fulminant Prism       Conj/Hex       ########..   0%          4    None
e - Orb of Destruction    Conj           ########..   1%          7    None
g - Malign Gateway        Summ/Tloc      ########..   1%          7    None
h - Yara's Violent Unrav  Hex/Tmut       ########..   0%          5    None
B - Blink                 Tloc           N/A          0%          2    None
D - Discord               Hex            ########..   1%          8    None
F - Cause Fear            Hex            ########..   0%          4    None
I - Irradiate             Conj/Tmut      ########..   1%          5    None
M - Deflect Missiles      Chrm/Air       ########..   1%          6    None
R - Regeneration          Chrm/Necr      ########..   1%          3    None
S - Sticks to Snakes      Tmut           ########     0%          2    None

Your spell library contained the following spells:

 Spells                   Type           Power        Failure   Level  Hunger
 Animate Skeleton         Necr           N/A          0%          1    None
 Apportation              Tloc           ######       0%          1    None
 Beastly Appendage        Tmut           ######       0%          1    None
 Confusing Touch          Hex            ######       0%          1    None
 Corona                   Hex            #######      0%          1    None
 Flame Tongue             Conj/Fire      #####        0%          1    None
 Infusion                 Chrm           ####         0%          1    None
 Magic Dart               Conj           ####         0%          1    None
 Pain                     Necr           ####         0%          1    None
 Shock                    Conj/Air       ####         0%          1    None
 Sting                    Conj/Pois      ####         0%          1    None
 Summon Small Mammal      Summ           ####         0%          1    None
 Call Imp                 Summ           ########     0%          2    None
 Ensorcelled Hibernation  Hex/Ice        ######       0%          2    None
 Searing Ray              Conj           ######       0%          2    None
 Shroud of Golubria       Chrm/Tloc      ########..   0%          2    None
 Slow                     Hex            ########     0%          2    None
 Song of Slaying          Chrm           ########     0%          2    None
 Swiftness                Chrm/Air       ########     0%          2    None
 Dazzling Spray           Conj/Hex       ######       0%          3    None
 Gell's Gravitas          Tloc           ########..   0%          3    None
 Inner Flame              Hex/Fire       ########     0%          3    None
 Lesser Beckoning         Tloc           ########..   0%          3    None
 Portal Projectile        Hex/Tloc       ######       0%          3    None
 Spectral Weapon          Hex/Chrm       ########     0%          3    None
 Static Discharge         Conj/Air       ########     0%          3    None
 Summon Guardian Golem    Hex/Summ       ########     0%          3    None
 Teleport Other           Tloc           ########     0%          3    None
 Tukima's Dance           Hex            ########     0%          3    None
 Force Lance              Conj/Tloc      ########     0%          4    None
 Iskenderun's Mystic Bla  Conj           ########     0%          4    None
 Darkness                 Hex            ########..   0%          6    None
 Invisibility             Hex            ########     0%          6    None
 Sandblast                Erth           ######       1%          1    None
 Passwall                 Tmut/Erth      #######.     1%          2    None
 Poisonous Vapours        Pois/Air       ######       1%          2    None
 Throw Flame              Conj/Fire      ######       1%          2    None
 Conjure Flame            Conj/Fire      #######.     1%          3    None
 Ignite Poison            Fire/Tmut/Pois #######.     1%          3    None
 Mephitic Cloud           Conj/Pois/Air  #######.     1%          3    None
 Spider Form              Tmut/Pois      #######...   1%          3    None
 Stone Arrow              Conj/Erth      ######       1%          3    None
 Vampiric Draining        Necr           #######...   1%          3    None
 Airstrike                Air            #######...   1%          4    None
 Animate Dead             Necr           N/A          1%          4    None
 Ice Form                 Ice/Tmut       #######.     1%          4    None
 Leda's Liquefaction      Hex/Erth       ########..   1%          4    None
 Olgreb's Toxic Radiance  Pois           #######.     1%          4    None
 Petrify                  Tmut/Erth      #######.     1%          4    None
 Sticky Flame             Conj/Fire      #######.     1%          4    None
 Summon Lightning Spire   Summ/Air       #######.     1%          4    None
 Throw Icicle             Conj/Ice       #######.     1%          4    None
 Blade Hands              Tmut           ########..   1%          5    None
 Bolt of Magma            Conj/Fire/Erth #######...   1%          5    None
 Fireball                 Conj/Fire      #######...   1%          5    None
 Iskenderun's Battlesphe  Conj/Chrm      ########     1%          5    None
 Lightning Bolt           Conj/Air       ########..   1%          5    None
 Silence                  Hex/Air        ########..   1%          5    None
 Venom Bolt               Conj/Pois      ########..   1%          5    None
 Bolt of Cold             Conj/Ice       #######...   1%          6    None
 Bolt of Fire             Conj/Fire      #######...   1%          6    None
 Hydra Form               Tmut           ########..   1%          6    None
 Iron Shot                Conj/Erth      #######...   1%          6    None
 Dragon Form              Tmut           ########..   1%          7    None
 Statue Form              Tmut/Erth      #######..    2%          6    None
 Lee's Rapid Deconstruct  Erth           ######....   4%          5    None
 Ring of Flames           Chrm/Fire      #######...   13%         7    None
 Ignition                 Fire           ######....   100%        8    None
 Shatter                  Erth           ######....   100%        9    ###....
 Passage of Golubria      Tloc           Unusable     N/A         4    N/A

Dungeon Overview and Level Annotations

Branches:
Dungeon (15/15)            Temple (1/1) D:4            Lair (6/6) D:11
 Shoals (4/4) Lair:4       Spider (4/4) Lair:2        Slime (0/5) Lair:6
    Orc (2/2) D:12            Elf (3/3) Orc:2        Vaults (5/5) D:13
  Crypt (0/3) Vaults:2     Depths (5/5) D:15            Zot (5/5) Depths:5

Altars:
Ashenzari
Cheibriados
Dithmenos
Elyvilon
Fedhas
Gozag
Kikubaaqudgha
Makhleb
Nemelex Xobeh
Qazlal
Ru
Sif Muna
Trog
Uskayaw
Vehumet
Wu Jian
Xom
Yredelemnul
Jiyva

Shops:
D:6 (   Orc:2 *[%!   Elf:1 %   Elf:2 *   Elf:3 *}(   Shoals:1 *   Shoals:4 *
Zot:1 *

Portals:
Hell: Depths:1 Depths:2 Depths:3 Depths:4 Depths:5
Abyss: Depths:4
Pandemonium: Depths:1 Depths:5
Ziggurat: Depths:5
Trove: D:12 (give 4 potions of resistance)

Annotations:
D:5 exclusion: upstairs
D:12 1 runed door, Norriv's ghost, journeyman MiFi
Lair:4 1 runed door, Xedyadep's ghost, journeyman GrEE
Lair:5 3 runed doors, Xerofum's ghost, journeyman HOMo
Shoals:1 3 runed doors, exclusion: obsidian statue, Ceil's ghost, journeyman HaHu
Shoals:4 1 exclusion
Vaults:1 1 exclusion
Zot:5 3 runed doors, Rrauwl's ghost, legendary HaFi


Innate Abilities, Weirdness & Mutations

You are very small and have problems with some larger weapons.
You are too small for most types of armour.
You have supernaturally acute eyesight. (SInv)
You are a herbivore.
You cover ground extremely quickly.
You need to consume almost no food.
You are clumsy. (Dex -2)
Your body sometimes deteriorates upon taking damage.
You occasionally shout uncontrollably at your foes.


Message History

The scroll dissolves into smoke.
Evoke which item? (* to show all) (? for menu, Esc to quit)
Aiming: Dig
Press: ? - help, Shift-Dir - straight line A rock wall.
This square is covered in magical glow.
The rock shatters into small pieces.
Evoke which item? (* to show all) (? for menu, Esc to quit)
Aiming: Dig
Press: ? - help, Shift-Dir - straight line A rock wall.
This square is covered in magical glow.
The rock shatters into small pieces.
There is a staircase leading out of the dungeon here.
Drop what? 51/52 slots (_ for help) (? for menu, Esc to quit)
Okay, then.
The +2 dagger "Jellybane" {freeze, +Inv rElec rN+ Dex+7} stops glowing.
Your +9 quick blade of chaos is briefly surrounded by a scintillating aura of
b - a +9 quick blade of chaos (weapon)
You have escaped!

#..⌠.......#....## ##{.
##...#.######..## #...
####### #### #... ### ###§.
## ###.###...§ ##.#
##....#....§ ##.##
##.{#.....###
##...###{.###...## # ##*
##..@..##..####..## # #.#
##......###{..##...###
*#.###.##...##.#..####.....
*#.#.##..#####).## ##....
*#.###...###..## ###.#
##.###...##..# #####..
##.##.#...### #...##.
##.####### ##.#..#. ##(..##
#### ##..###..


There were no monsters in sight!

Vanquished Creatures
  4 orbs of fire
  3 juggernauts
  6 ancient liches
  Boris (twice) (Depths:3 Vaults:5)
  Margery (Depths:1)
  Sojobo (Depths:5)
  5 Killer Klowns
  3 caustic shrikes (Depths:5)
  A profane servitor (Zot:1)
  2 bone dragons
  11 golden dragons
  the Enchantress (Depths:4)
  5 electric golems
  17 Orb Guardians (Zot:5)
  2 liches
  2 deep elf blademasters (Elf:3)
  4 titans
  3 quicksilver dragons
  8 tentacled monstrosities
  2 deep elf master archers (Elf:3)
  Asterion (Depths:2)
  Frances (Elf:1)
  The ghost of Narqulie the Severer, an adept MiFi of Okawaru (Spider:4)
  Gastronok (Lair:2)
  4 death cobs
  3 sphinxes
  9 shadow dragons
  3 tengu reavers
  15 storm dragons
  2 nagarajas (Depths:1)
  3 draconian monks
  9 fire giants
  2 draconian knights
  3 iron dragons
  8 frost giants
  10 deep elf sorcerers
  3 draconian scorchers
  12 vault wardens
  4 ghost moths
  3 imperial myrmidons (Desolation)
  A ghoul (Vaults:5)
  9 emperor scorpions
  3 draconian stormcallers
  8 deep elf elementalists
  6 spriggan defenders
  19 stone giants
  11 ironheart preservers
  5 entropy weavers
  9 very ugly things
  2 war gargoyles (Vaults:5)
  6 caustic shrike skeletons (Depths:4)
  2 green draconians
  A vampire knight (Vaults:2)
  A lorocyproca (D:12)
  2 black draconians
  14 deep elf annihilators
  11 deep elf demonologists
  2 spark wasps
  Azrael (Orc:2)
  2 halazid warlocks (Desolation)
  6 purple draconians
  3 red draconians
  7 yellow draconians
  A minotaur (Lab)
  7 deep elf death magi
  6 white draconians
  3 merfolk javelineers (Shoals:4)
  15 ettins
  2 crystal guardians
  3 jiangshi (Depths:2)
  7 deep elf high priests
  3 merfolk impalers (Shoals:4)
  Snorg (Lair:3)
  4 ragged hierophants (Desolation)
  7 great orbs of eyes
  10 peacekeepers (Desolation)
  6 servants of whispers
  5 rakshasas
  11 yaktaur captains
  11 fire dragons
  A large abomination (Vaults:5)
  7 hydras
  7 ice dragons
  6 spriggan air magi
  6 vault guards
  3 catoblepae (Lair:6)
  2 anacondas
  3 merfolk avatars
  2 alligator snapping turtles (Shoals:4)
  2 satyrs (Shoals:2)
  3 merfolk aquamancers
  34 dancing weapons
  5 death knights
  11 centaur warriors
  49 two-headed ogres
  7 tengu warriors
  16 death yaks
  12 ogre magi
  Erica (Lair:2)
  An orc high priest (Orc:2)
  A deep troll shaman (Depths:1)
  9 spriggan berserkers
  3 vampire magi
  4 hell knights
  5 skeletal warriors
  23 deep elf knights
  2 iron trolls
  A shadow wraith (Vaults:5)
  The ghost of derval the Frost Mage, a novice MfIE (D:6)
  A fire crab (shapeshifter) (Vaults:2)
  20 slime creatures
  A flayed ghost (Vaults:1)
  7 spriggan druids (Depths:4)
  10 deep trolls
  4 unseen horrors
  24 deep elf archers
  A lindwurm (shapeshifter) (Vaults:2)
  12 sea snakes
  3 wizards
  A tengu zombie (Vaults:2)
  4 glowing orange brains
  3 lindwurms
  13 ironbrand convokers
  5 necromancers
  11 harpies
  7 phantasmal warriors
  10 orc knights
  A mana viper (shapeshifter) (Depths:4)
  13 orb spiders
  72 deep elf magi
  A stone giant zombie (Depths:1)
  14 cyclopes
  26 wolf spiders
  A salamander (D:15)
  17 manticores
  4 orc sorcerers
  A manticore (shapeshifter) (Depths:2)
  18 fauns
  37 ugly things
  An oklob plant (D:11)
  An iron dragon skeleton (Depths:1)
  8 black mambas
  10 vault sentinels
  A guardian serpent (shapeshifter) (Vaults:1)
  11 moths of wrath
  7 guardian serpents
  3 molten gargoyles
  2 torpor snails
  7 water nymphs
  An ice statue (D:15)
  11 merfolk sirens
  A gargoyle (D:13)
  11 spiny frogs
  7 komodo dragons
  3 rime drakes
  An efreet (D:14)
  7 demonic crawlers
  8 freezing wraiths
  3 kobold demonologists (D:15)
  2 spriggan skeletons
  25 yaktaurs
  4 red devils (Elf:1)
  A yaktaur skeleton (Vaults:2)
  4 tengu conjurers
  24 jumping spiders
  5 wind drakes
  A queen bee (shapeshifter) (Vaults:1)
  26 merfolk
  2 meliai (Spider:3)
  A troll (shapeshifter) (Elf:3)
  25 blink frogs
  14 trolls
  Grinder (D:4)
  5 polar bears
  60 saltlings
  A hornet (shapeshifter) (Vaults:2)
  7 snapping turtles
  A sphinx simulacrum (Vaults:2)
  Prince Ribbit (D:8)
  A raiju (shapeshifter) (D:15)
  A blink frog (shapeshifter) (Vaults:2)
  A spriggan zombie (Depths:2)
  22 hornets
  An elf zombie (Depths:2)
  18 dream sheep
  13 hippogriffs
  The ghost of grizmgrazm2 the Changer, an amateur OpTm (D:4)
  51 redbacks
  An ettin skeleton (Vaults:2)
  24 tarantellas
  15 water elementals
  36 spriggans
  A tarantella (shapeshifter) (Vaults:3)
  Sigmund (D:2)
  5 air elementals
  4 wraiths
  2 shadows
  Eustachio (D:4)
  8 fire elementals
  A wyvern (shapeshifter) (Vaults:5)
  49 yaks
  2 basilisks
  2 golden eyes (shapeshifter)
  A spriggan simulacrum (Depths:2)
  A steam dragon (D:10)
  5 vampire mosquitoes
  7 wargs
  3 hungry ghosts
  4 nagas (Depths:1)
  A hell hound (Orc:2)
  An acid dragon (D:13)
  17 water moccasins
  6 porcupines
  34 orc warriors
  2 sky beasts
  2 eyes of draining (shapeshifter)
  12 ice beasts
  A necrophage (D:11)
  A tengu (shapeshifter) (Depths:2)
  2 human skeletons (Vaults:2)
  A black bear (D:11)
  44 ogres
  14 centaurs
  3 phantoms
  11 boggarts
  5 wolves (Lair:3)
  16 crocodiles
  6 big kobolds
  A human zombie (Vaults:2)
  11 bullfrogs
  A gnoll sergeant (D:8)
  5 earth elementals
  6 scorpions
  29 killer bees
  A human simulacrum (Vaults:2)
  A wight (Vaults:2)
  8 howler monkeys
  3 electric eels
  4 crimson imps
  7 jellies
  A bullfrog zombie (D:12)
  6 centaur zombies
  7 hounds
  4 quasits
  16 orc priests
  3 centaur skeletons
  A bullfrog skeleton (D:5)
  Jessica (D:2)
  Terence (D:3)
  5 iguanas
  25 orc wizards
  5 worker ants
  A howler monkey zombie (D:11)
  The ghost of tidbits the Scratcher, a weakling FeTm (D:5)
  A worker ant zombie (D:5)
  Robin (D:1)
  10 gnolls
  15 adders
  2 shadow imps
  2 white imps (D:15)
  A worker ant simulacrum (D:5)
  An ufetubus (Depths:3)
  An ooze (D:3)
  An adder zombie (D:2)
  2 worms
  3 dart slugs (D:1)
  3 leopard geckos
  77 orcs
  4 bats
  5 giant cockroaches
  12 goblins
  10 hobgoblins
  21 jackals
  2 quokkas (D:9)
  6 ball pythons
  3 frilled lizards
  2 giant cockroach simulacra (D:5)
  A jackal simulacrum (D:5)
  A jackal skeleton (D:5)
  27 kobolds
  A leopard gecko zombie (D:8)
  A quokka simulacrum (D:5)
  3 rats (D:1)
  A bush (Depths:4)
  A crawling corpse (Vaults:5)
  4 fulminant prisms
  2 fungi
  6 plants
2144 creatures vanquished.

Vanquished Creatures (collateral kills)
  3 orbs of fire (Zot:5)
  2 caustic shrikes (Depths:5)
  A golden dragon (Zot:2)
  An electric golem (Zot:1)
  A tentacled monstrosity (Zot:5)
  7 Orb Guardians (Zot:5)
  An eldritch tentacle (Zot:5)
  A sphinx (Vaults:5)
  A death cob (Zot:5)
  4 tengu reavers
  2 storm dragons
  3 shadow dragons
  2 nagarajas (Depths:1)
  A fire giant (Depths:2)
  A draconian monk (Zot:3)
  A frost giant (Depths:2)
  An orc warlord (Vaults:3)
  2 vault wardens
  An emperor scorpion (Spider:3)
  A draconian scorcher (Zot:1)
  3 ironheart preservers
  5 stone giants (Depths:2)
  18 very ugly things
  A draconian stormcaller (Zot:3)
  A draconian annihilator (Zot:1)
  2 green draconians
  5 yellow draconians
  5 purple draconians
  4 red draconians (Zot:1)
  2 black draconians (Zot:1)
  A deep elf demonologist (Vaults:5)
  4 white draconians
  A spark wasp (Depths:5)
  A merfolk impaler (Shoals:3)
  A deep elf death mage (Vaults:2)
  A yaktaur captain (Depths:5)
  3 ettins
  A deep elf high priest (Vaults:5)
  3 fire dragons
  An ice dragon (Depths:2)
  A naga warrior (Depths:1)
  A spriggan air mage (Depths:2)
  20 vault guards
  2 anacondas (Depths:1)
  A merfolk avatar (Shoals:4)
  3 centaur warriors
  A deep troll shaman (Vaults:4)
  5 ogre magi
  9 two-headed ogres
  4 deep troll earth magi
  A spriggan berserker (Depths:2)
  A vampire mage (Depths:2)
  A hell knight (Depths:1)
  A guardian serpent (shapeshifter) (Depths:2)
  13 deep trolls
  A swamp dragon (Zot:2)
  2 orc knights
  2 orb spiders
  27 ugly things
  6 wolf spiders
  An ironbrand convoker (Vaults:1)
  A necromancer (Depths:1)
  A manticore (Shoals:4)
  6 moths of wrath
  2 cyclopes (Vaults:1)
  A vault sentinel (Vaults:3)
  A black mamba (shapeshifter) (Depths:2)
  A naga mage (Depths:1)
  A stone giant skeleton (Depths:2)
  A yaktaur zombie (Vaults:2)
  2 torpor snails (Spider:1)
  2 guardian serpents (Depths:1)
  A human zombie (Vaults:2)
  16 yaktaurs
  A tengu conjurer (Depths:2)
  A queen bee (Lair:2)
  2 demonic crawlers (Spider:3)
  A merfolk (Shoals:4)
  A meliai (Spider:3)
  3 hornets
  7 jumping spiders
  A snapping turtle (Shoals:3)
  23 redbacks
  4 spriggans
  A yak (shapeshifter) (Depths:2)
  6 tarantellas
  3 water elementals (Depths:3)
  5 yaks (Depths:4)
  A wraith (Vaults:1)
  10 nagas (Depths:1)
  An ettin simulacrum (Vaults:2)
  8 orc warriors
  A boggart (Depths:4)
  9 ogres
  4 centaurs
  An adder (Depths:1)
  An orc priest (Vaults:3)
  An orc wizard (Vaults:5)
  A ball python (Depths:1)
  A fulminant prism (Spider:3)
337 creatures vanquished.

Vanquished Creatures (others)
  13 eldritch tentacles
  A frost giant (Depths:2)
  2 fire giants (Depths:2)
  A vault warden (Vaults:5)
  An emperor scorpion (Spider:4)
  A deep elf elementalist (Vaults:5)
  A stone giant (Depths:2)
  A yellow draconian (Zot:1)
  A deep elf demonologist (Depths:2)
  A deep elf annihilator (Elf:3)
  A black draconian (Zot:1)
  3 green draconians
  A white draconian (Zot:1)
  An ettin (Depths:2)
  A fire dragon (Depths:2)
  6 vault guards
  A yaktaur captain (Vaults:5)
  An anaconda (Depths:1)
  A merfolk aquamancer (Shoals:4)
  2 two-headed ogres
  2 deep troll shamans
  A vampire mage (Depths:2)
  An orc high priest (Vaults:3)
  A deep elf knight (Vaults:2)
  A fire crab (shapeshifter) (Depths:2)
  An iron troll (Depths:2)
  3 deep trolls
  A deep elf archer (Elf:1)
  2 orc knights (Vaults:3)
  2 necromancers
  2 deep elf magi
  2 ugly things
  3 wolf spiders
  2 manticores (Shoals:4)
  A black mamba (Depths:1)
  2 moths of wrath (Zot:5)
  A guardian serpent (Depths:1)
  A naga mage (Depths:1)
  4 yaktaurs
  3 jumping spiders
  2 hornets (Depths:4)
  2 tarantellas (Spider:1)
  A slime creature (Depths:2)
  A redback (Spider:1)
  3 spriggans (Depths:4)
  2 spatial vortices
  2 nagas (Depths:1)
  A hell hound (Orc:2)
  An orc warrior (Vaults:3)
  A boggart (Depths:4)
  2 orc priests (Orc:2)
  5 bushes
  A fire vortex (Lair:5)
  272 fulminant prisms
  18 fungi
  46 plants
  5 tentacles (Shoals:1)
  2 withered plants (D:6)
444 creatures vanquished.

Grand Total: 2925 creatures vanquished

Notes
Turn   | Place    | Note
-------+----------+-------------------------------------------
     0 | D:1      | MeekVeins the Spriggan Conjurer began the quest for the
                  | Orb.
     0 | D:1      | Reached XP level 1. HP: 9/9 MP: 5/5
   156 | D:1      | Reached skill level 3 in Conjurations
   171 | D:1      | Reached skill level 3 in Spellcasting
   348 | D:1      | Reached XP level 2. HP: 12/13 MP: 0/7
   701 | D:1      | Reached skill level 4 in Spellcasting
  1019 | D:1      | Reached XP level 3. HP: 16/16 MP: 0/9
  1178 | D:2      | Noticed Robin
  1546 | D:2      | Reached skill level 5 in Spellcasting
  1551 | D:2      | Learned a level 3 spell: Dazzling Spray
  1659 | D:1      | Killed Robin
  1815 | D:2      | Reached skill level 1 in Hexes
  1815 | D:2      | Reached XP level 4. HP: 21/21 MP: 7/12
  1922 | D:2      | Noticed Jessica
  1966 | D:2      | Killed Jessica
  1990 | D:2      | Noticed Sigmund
  2649 | D:3      | Noticed Terence
  2671 | D:3      | Killed Terence
  2671 | D:3      | Reached XP level 5. HP: 24/24 MP: 3/14
  2760 | D:3      | Reached skill level 6 in Spellcasting
  2912 | D:3      | Reached skill level 3 in Hexes
  3291 | D:3      | Found a sacrificial altar of Ru.
  3291 | D:3      | Found a faded altar of an unknown god.
  3304 | D:3      | Found a faded altar of an unknown god.
  3306 | D:3      | Found a deep blue altar of Sif Muna.
  3307 | D:3      | Found a burning altar of Makhleb.
  3345 | D:3      | You fall through a shaft for 2 floors!
  3345 | D:5      | Entered Level 5 of the Dungeon
  3408 | D:5      | Found a runed gate.
  3535 | D:4      | Noticed Grinder
  3543 | D:5      | Noticed an ogre
  3553 | D:5      | Killed an ogre
  3553 | D:5      | Reached XP level 6. HP: 28/28 MP: 3/16
  3721 | D:5      | Learned a level 2 spell: Searing Ray
  3897 | D:5      | Reached skill level 7 in Spellcasting
  4093 | D:4      | Reached XP level 7. HP: 32/32 MP: 10/18
  4418 | D:4      | Learned a level 4 spell: Fulminant Prism
  4548 | D:4      | Found a staircase to the Ecumenical Temple.
  4653 | Temple   | Entered the Ecumenical Temple
  4739 | Temple   | Became a worshipper of Ashenzari the Shackled
  4869 | D:4      | Found a transporter.
  4880 | D:4      | Noticed grizmgrazm2's ghost (amateur OpTm)
  4914 | D:4      | Noticed Eustachio
  4927 | D:4      | Killed Eustachio
  4962 | D:4      | Found a transporter.
  5085 | D:5      | Found a runed gate.
  5085 | D:5      | Found a runed gate.
  5249 | D:5      | Noticed tidbits's ghost (weakling FeTm)
  5816 | D:6      | Found a runed door.
  5816 | D:6      | Noticed derval's ghost (novice MfIE)
  5822 | D:6      | Identified the ring "Acsapt" {rF+ Str-4 Int+8}
  5840 | D:6      | Reached XP level 8. HP: 36/36 MP: 1/19
  6098 | D:6      | Found a sparkling altar of Nemelex Xobeh.
  6172 | D:6      | Found a snail-covered altar of Cheibriados.
  6172 | D:6      | Found a hide-covered altar of Uskayaw.
  6363 | D:6      | Reached * piety under Ashenzari
  6444 | D:6      | Reached skill level 6 in Dodging
  6493 | D:6      | Found Cehepsai's Weapon Shop.
  7586 | D:7      | Reached skill level 9 in Dodging
  7918 | D:7      | Reached skill level 8 in Spellcasting
  8310 | D:8      | Identified the +2 robe of the Bulwark {+Fly rPois Stlth+}
  8408 | D:8      | Noticed a hippogriff
  8471 | D:8      | Killed a hippogriff
  8471 | D:8      | Reached XP level 9. HP: 39/39 MP: 4/22
  8705 | D:8      | Reached skill level 9 in Spellcasting
  9122 | D:8      | Noticed Prince Ribbit
  9130 | D:8      | Killed Prince Ribbit
  9310 | D:8      | Reached skill level 6 in Stealth
  9321 | D:8      | Reached skill level 10 in Spellcasting
  9455 | D:8      | Learned a level 2 spell: Sticks to Snakes
  9723 | D:9      | Reached skill level 1 in Transmutations
  9723 | D:9      | Reached skill level 1 in Evocations
  9790 | D:9      | Reached ** piety under Ashenzari
 10465 | D:10     | Entered Level 10 of the Dungeon
 10482 | D:9      | Reached skill level 3 in Evocations
 10513 | D:9      | Learned a level 3 spell: Mephitic Cloud
 10588 | D:10     | Reached skill level 1 in Air Magic
 10588 | D:10     | Reached skill level 9 in Stealth
 10588 | D:10     | Reached XP level 10. HP: 44/44 MP: 9/25
 11376 | D:10     | Reached skill level 12 in Dodging
 11589 | D:10     | Upgraded the game from 0.23-a0-336-g43d87f4c55 to
                  | 0.23-a0-356-g1757c6e039
 11636 | D:11     | Noticed a green ugly thing
 11957 | D:11     | Learned a level 4 spell: Iskenderun's Mystic Blast
 11972 | D:11     | Noticed a purple ugly thing
 12111 | D:11     | Upgraded the game from 0.23-a0-356-g1757c6e039 to
                  | 0.23-a0-358-g98c7a59ffc
 12335 | D:11     | Killed a green ugly thing
 12664 | D:11     | Killed a purple ugly thing
 12789 | D:11     | Reached XP level 11. HP: 47/47 MP: 0/26
 13070 | D:11     | Noticed an oklob plant
 13088 | D:11     | Noticed a two-headed ogre
 13218 | D:11     | Killed a two-headed ogre
 13218 | D:11     | Reached skill level 11 in Spellcasting
 13240 | D:11     | Found a staircase to the Lair.
 13356 | D:11     | Killed an oklob plant
 13695 | D:10     | Learned a level 3 spell: Confuse
 13698 | D:10     | Learned a level 2 spell: Blink
 13767 | Lair:1   | Entered Level 1 of the Lair of Beasts
 13796 | Lair:1   | Reached skill level 1 in Short Blades
 13856 | Lair:1   | Reached *** piety under Ashenzari
 13883 | Lair:1   | Identified the ring "Tetudwat" {MR+ Str+2 Slay+3}
 14667 | Lair:1   | Reached skill level 6 in Hexes
 14724 | Lair:1   | Reached skill level 3 in Short Blades
 14946 | Lair:1   | Reached skill level 12 in Spellcasting
 14950 | Lair:1   | Reached skill level 1 in Fighting
 15024 | Lair:2   | Noticed Gastronok
 15410 | Lair:2   | Reached skill level 6 in Short Blades
 15410 | Lair:2   | Reached skill level 15 in Dodging
 15542 | Lair:2   | Reached **** piety under Ashenzari
 15654 | Lair:2   | Found a hole to the Spider Nest.
 15661 | Lair:2   | Reached XP level 12. HP: 54/54 MP: 25/29
 15921 | Lair:2   | Noticed Erica
 15940 | Lair:2   | Killed Erica
 16749 | Lair:3   | Noticed Snorg
 16770 | Lair:3   | Killed Snorg
 16879 | Lair:2   | Killed Gastronok
 16879 | Lair:2   | Reached skill level 9 in Short Blades
 16879 | Lair:2   | Reached skill level 12 in Stealth
 17051 | Lair:3   | Noticed an eight-headed hydra
 17085 | Lair:3   | Killed an eight-headed hydra
 18309 | Lair:4   | Reached XP level 13. HP: 58/58 MP: 14/30
 18349 | Lair:4   | Found a labyrinth entrance.
 18377 | Lab      | Entered a labyrinth
 18539 | Lab      | Noticed a minotaur
 18540 | Lab      | Identified the +2 scale mail of Beogh's Displeasure {+Blink
                  | rF+}
 18549 | Lab      | Killed a minotaur
 18555 | Lab      | Identified Ujaox's Handbook of Execration
 18556 | Lab      | Identified the +3 cloak of Lyhat {MR+ Regen+}
 18556 | Lab      | Identified the +4 hat of the Princeling {rElec Dex+3}
 18556 | Lab      | Found the +3 salamander hide armour {+Rage rF++}
 18618 | Lair:4   | Found a bloodstained altar of Trog.
 18650 | Lair:4   | Found a runed door.
 18655 | Lair:4   | Noticed Xedyadep's ghost (journeyman GrEE)
 18743 | Lair:4   | Reached ***** piety under Ashenzari
 18844 | Lair:4   | Found a staircase to the Shoals.
 19288 | Lair:5   | Reached skill level 3 in Fighting
 19556 | Lair:5   | Found a runed gate.
 19557 | Lair:5   | Found a runed gate.
 19558 | Lair:5   | Found a runed gate.
 19584 | Lair:5   | Noticed Xerofum's ghost (journeyman HOMo)
 20381 | Lair:6   | Entered Level 6 of the Lair of Beasts
 20779 | Lair:6   | Reached skill level 6 in Fighting
 20989 | Lair:6   | Reached XP level 14. HP: 70/70 MP: 17/31
 21010 | Lair:6   | Reached skill level 15 in Stealth
 21274 | Lair:6   | Found a viscous altar of Jiyva.
 21275 | Lair:6   | Found a staircase to the Slime Pits.
 21301 | Lair:6   | Reached skill level 1 in Translocations
 22999 | D:12     | Reached skill level 6 in Evocations
 23076 | D:12     | Found a staircase to the Orcish Mines.
 23183 | D:12     | Found a portal to a secret trove of treasure.
 23186 | D:12     | Found a runed door.
 23186 | D:12     | Found a shimmering altar of Xom.
 23186 | D:12     | Noticed Norriv's ghost (journeyman MiFi)
 23187 | D:12     | Identified the +4 fire dragon scales "Egoal" {rElec rF++
                  | rC- Dex+6}
 23374 | Orc:1    | Entered Level 1 of the Orcish Mines
 23733 | Orc:2    | Entered Level 2 of the Orcish Mines
 23733 | Orc:2    | Found a bloodstained altar of Trog.
 23918 | Orc:2    | Noticed Azrael
 23953 | Orc:2    | Killed Azrael
 24125 | Orc:2    | Found Xiduyrgh's Armour Boutique.
 24540 | Orc:2    | Reached skill level 9 in Hexes
 24545 | Orc:2    | Found Sauc's Distillery.
 24572 | Orc:2    | Reached XP level 15. HP: 65/77 MP: 3/32
 24822 | Orc:2    | Found Folaq's General Store.
 24824 | Orc:2    | Found Huozu's Food Shop.
 24888 | Orc:2    | Bought a scroll of remove curse for 48 gold pieces
 25145 | Orc:2    | Reached skill level 1 in Armour
 25206 | Orc:2    | Found a staircase to the Elven Halls.
 25623 | D:13     | Reached ****** piety under Ashenzari
 25959 | D:13     | Reached skill level 9 in Fighting
 26504 | D:13     | Found a gate to the Vaults.
 27161 | D:15     | Entered Level 15 of the Dungeon
 27172 | D:15     | Reached skill level 18 in Stealth
 28827 | D:15     | Reached skill level 21 in Stealth
 28967 | D:15     | Found a staircase to the Depths.
 29099 | D:15     | Identified the +1 robe "Zyolymm" {rC+ SInv}
 29099 | D:15     | Identified the ring of Cuphaet {Wiz rF+ rC+ MR+}
 29114 | D:15     | Reached skill level 18 in Dodging
 29474 | D:4      | Killed grizmgrazm2's ghost
 29589 | D:4      | Killed Grinder
 29652 | D:5      | Killed tidbits's ghost
 29784 | D:6      | Killed derval's ghost
 29956 | D:6      | Found an ornate altar of the Wu Jian Council.
 29956 | D:6      | Found a basalt altar of Yredelemnul.
 30287 | Shoals:1 | Entered Level 1 of the Shoals
 30295 | Shoals:1 | Reached XP level 16. HP: 85/85 MP: 33/33
 30540 | Shoals:1 | Noticed a kraken
 30735 | Shoals:1 | Reached skill level 9 in Evocations
 30792 | Shoals:1 | Found a runed gate.
 30794 | Shoals:1 | Found a runed gate.
 30794 | Shoals:1 | Found an opulent altar of Gozag.
 30795 | Shoals:1 | Found a runed gate.
 30803 | Shoals:1 | Found Hiopauc's Assorted Antiques.
 30805 | Shoals:1 | Noticed Ceil's ghost (journeyman HaHu)
 31053 | Shoals:2 | Noticed a kraken
 31614 | Shoals:2 | Reached skill level 1 in Shields
 31777 | Shoals:3 | Noticed a kraken
 32124 | Shoals:3 | Noticed a kraken
 32279 | Shoals:4 | Entered Level 4 of the Shoals
 32339 | Shoals:4 | Reached skill level 3 in Shields
 32508 | Shoals:4 | Found Paykhurgh's General Store.
 32528 | Shoals:4 | Bought a scroll of blinking for 105 gold pieces
 32684 | Shoals:4 | Got the falchion of Hoprucs {slice, Str+4 Dex+2}
 32685 | Shoals:4 | Identified the +7 falchion of Hoprucs {slice, Str+4 Dex+2}
                  | (You found it on level 4 of the Shoals)
 33013 | Shoals:4 | Identified the ring "Fauwevi" {+Fly rPois}
 33118 | Shoals:4 | Reached XP level 17. HP: 89/89 MP: 10/34
 33204 | Shoals:4 | Got a barnacled rune of Zot
 33465 | Orc:2    | Bought a book of Power for 720 gold pieces
 33517 | Elf:1    | Entered Level 1 of the Elven Halls
 33586 | Elf:1    | Reached skill level 6 in Shields
 33720 | Elf:1    | Found Qiovvat's Food Emporium.
 33846 | Elf:1    | Learned a level 7 spell: Orb of Destruction
 33904 | Elf:1    | Noticed Frances
 33923 | Elf:1    | Reached skill level 21 in Dodging
 34024 | Elf:1    | Reached skill level 6 in Conjurations
 34252 | Elf:1    | Killed Frances
 34492 | Elf:1    | Reduced skill Stealth to level 18
 34515 | Elf:1    | Reached skill level 13 in Spellcasting
 34945 | Elf:2    | Reached skill level 9 in Conjurations
 35079 | Elf:2    | Reduced skill Stealth to level 15
 35152 | Elf:2    | Found Onoz's General Store.
 35173 | Elf:2    | Found a ruined gateway.
 35213 | Desolati | Entered the Desolation of Salt
 35375 | Desolati | Reached skill level 14 in Spellcasting
 35597 | Desolati | Reached XP level 18. HP: 93/93 MP: 8/37
 36063 | Desolati | Identified the ring of Agharux {+Fly rC+ AC+2 Int-2 Dex+3}
 36142 | Desolati | Identified the ring of Ytip {*Tele rPois Dex+5}
 36610 | Desolati | Identified the Compendium of Flames
 36620 | Desolati | Learned a level 5 spell: Irradiate
 36630 | Desolati | Reached skill level 3 in Transmutations
 36631 | Desolati | Reached skill level 15 in Spellcasting
 36755 | Desolati | Identified the Disquisition on Attacks
 36762 | Desolati | Identified the Incunabulum of Torrid Malediction
 36817 | Desolati | Learned a level 5 spell: Yara's Violent Unravelling
 36826 | Desolati | Learned a level 8 spell: Discord
 37237 | Elf:2    | Bought a lamp of fire for 440 gold pieces
 37443 | Elf:2    | Found a huge runed gate.
 37443 | Elf:2    | Found a huge runed gate.
 37443 | Elf:2    | Found a huge runed gate.
 37443 | Elf:2    | Found a huge runed gate.
 37443 | Elf:2    | Found a huge runed gate.
 37857 | Elf:2    | Reached skill level 16 in Spellcasting
 38122 | Elf:2    | Upgraded the game from 0.23-a0-358-g98c7a59ffc to
                  | 0.23-a0-368-g82e90586b2
 38145 | Elf:3    | Entered Level 3 of the Elven Halls
 38203 | Elf:3    | Found Qiwnyuho's Gadget Emporium.
 38356 | Elf:3    | Found Odghiz's Assorted Antiques.
 38400 | Elf:3    | Bought an ancient buckler for 237 gold pieces
 38414 | Elf:3    | Identified the +1 buckler of Vuuttij {Regen+ Str+4} (You
                  | bought it in a shop on level 3 of the Elven Halls)
 38460 | Elf:3    | Reached skill level 12 in Hexes
 38656 | Elf:3    | Found Petuhiff's Antique Weapon Boutique.
 38833 | Elf:3    | Identified the +0 leather armour of Hosmigha {rElec MR-
                  | rCorr}
 39135 | Elf:3    | Reached XP level 19. HP: 98/98 MP: 23/40
 39152 | Elf:3    | Identified the +5 war axe "Zydociob" {flame, rF+}
 39489 | Elf:3    | Noticed a Brimstone Fiend
 39699 | Elf:3    | Reached skill level 17 in Spellcasting
 40136 | Elf:3    | Reached skill level 18 in Spellcasting
 40351 | Elf:3    | Identified the cursed +2 dagger "Jellybane" {freeze, +Inv
                  | rElec rN+ Dex+7}
 40351 | Elf:3    | Identified the ring of Accord {MR+ Str-2 Int+2 SInv Stlth-}
 40519 | Elf:3    | Learned a level 4 spell: Cause Fear
 40952 | Spider:1 | Entered Level 1 of the Spider Nest
 42338 | Spider:3 | Reached skill level 19 in Spellcasting
 42953 | Spider:4 | Entered Level 4 of the Spider Nest
 42987 | Spider:4 | Reached XP level 20. HP: 97/102 MP: 22/44
 43234 | Spider:4 | Found a runed door.
 43242 | Spider:4 | Found a shimmering altar of Xom.
 43242 | Spider:4 | Noticed Narqulie's ghost (adept MiFi)
 43663 | Spider:4 | Reached skill level 20 in Spellcasting
 43728 | Spider:4 | Got a gossamer rune of Zot
 43859 | Spider:4 | Killed Narqulie's ghost
 44243 | Vaults:1 | Entered Level 1 of the Vaults
 44371 | Vaults:1 | Reached skill level 15 in Hexes
 44398 | Vaults:1 | Learned a level 6 spell: Deflect Missiles
 44427 | Vaults:1 | Reached skill level 1 in Charms
 44516 | Vaults:1 | Reached skill level 3 in Charms
 44678 | Vaults:1 | Learned a level 3 spell: Regeneration
 44829 | Vaults:1 | Reached skill level 6 in Charms
 44829 | Vaults:1 | Reached skill level 1 in Necromancy
 45736 | Vaults:2 | Reached skill level 3 in Necromancy
 45869 | Vaults:2 | Identified the +9 quarterstaff of Qeamadoi {pain, +Blink
                  | Str+2}
 46479 | Vaults:2 | Reached XP level 21. HP: 107/107 MP: 46/46
 46704 | Vaults:2 | Reached skill level 21 in Spellcasting
 46764 | Vaults:2 | Found a staircase to the Crypt.
 47374 | Vaults:3 | Reached skill level 22 in Spellcasting
 48196 | Vaults:4 | Reached skill level 18 in Stealth
 48399 | Vaults:4 | Gained mutation: Your body sometimes deteriorates upon
                  | taking damage. [you]
 49777 | Depths:1 | Entered Level 1 of the Depths
 49904 | Depths:1 | Reached XP level 22. HP: 90/112 MP: 18/49
 50019 | Depths:1 | Found a gateway to Hell.
 50078 | Depths:1 | Noticed Margery
 50113 | Depths:1 | Killed Margery
 50211 | Depths:1 | Found a one-way gate leading to the halls of Pandemonium.
 50827 | Depths:2 | Noticed Asterion
 50832 | Depths:2 | Killed Asterion
 51027 | Depths:2 | Identified the +5 falchion of Laceration {freeze, -Tele
                  | rPois Dex+7 Stlth+}
 51163 | Depths:2 | Identified the +2 dagger "Tann" {pierce, rF+ Dex+4}
 51284 | Depths:2 | Identified the +1 leather armour of the Jabberwock {Int+3
                  | Dex+3 SInv}
 51464 | Depths:2 | Identified a scroll of acquirement
 51464 | Depths:2 | Identified the cursed ring "Zecluc" {Ice -Tele rN+++ Int-3
                  | Dex+3} (You acquired it on level 2 of the Depths)
 51502 | Depths:2 | Identified the ring of Cijiusic {Fire Str+6 Stlth-}
 51636 | Depths:2 | Reached skill level 12 in Fighting
 51867 | Depths:2 | Reached skill level 21 in Stealth
 52135 | Depths:3 | Noticed Boris
 52138 | Depths:3 | Killed Boris
 52176 | Depths:3 | Found a flickering gateway to a bazaar.
 52181 | Bazaar   | Entered a bazaar
 52181 | Bazaar   | Found Gubyref's Book Boutique.
 52181 | Bazaar   | Found Ryitofe's Distillery.
 52181 | Bazaar   | Found Alyi's General Store.
 52181 | Bazaar   | Found Oczokk's General Store.
 52184 | Bazaar   | Bought a potion of heal wounds for 45 gold pieces
 52184 | Bazaar   | Bought a potion of brilliance for 36 gold pieces
 52184 | Bazaar   | Bought 2 potions of agility for 72 gold pieces
 52184 | Bazaar   | Bought a potion of agility for 36 gold pieces
 52184 | Bazaar   | Bought 2 potions of might for 72 gold pieces
 52184 | Bazaar   | Bought 2 potions of heal wounds for 90 gold pieces
 52186 | Bazaar   | Bought a potion of might for 68 gold pieces
 52186 | Bazaar   | Bought a scroll of identify for 34 gold pieces
 52186 | Bazaar   | Bought a potion of mutation for 136 gold pieces
 52192 | Bazaar   | Bought a scroll of teleportation for 21 gold pieces
 52192 | Bazaar   | Bought a sack of spiders for 140 gold pieces
 52197 | Bazaar   | Bought a manual of Short Blades for 1656 gold pieces
 52496 | Depths:3 | Reached XP level 23. HP: 120/120 MP: 50/50
 52736 | Depths:3 | Noticed a juggernaut
 52736 | Depths:3 | Noticed a juggernaut
 52772 | Depths:3 | Killed a juggernaut
 52836 | Depths:3 | Killed a juggernaut
 53549 | Depths:4 | Reached skill level 12 in Short Blades
 53898 | Depths:4 | Identified the +8 whip of Makhleb's Esteem {flame, +Fly
                  | rPois Dex-4}
 53912 | Depths:4 | Identified the +2 faerie dragon scales {rElec rCorr Int-5
                  | Dex+4}
 53912 | Depths:4 | Noticed the Enchantress
 53935 | Depths:4 | Killed the Enchantress
 54210 | Depths:4 | Found a one-way gate to the infinite horrors of the Abyss.
 54778 | Depths:4 | Found a bloodstained altar of Trog.
 55528 | Depths:5 | Entered Level 5 of the Depths
 55668 | Depths:5 | Noticed a juggernaut
 55698 | Depths:5 | Killed a juggernaut
 55724 | Depths:5 | Noticed Sojobo
 55759 | Depths:5 | Killed Sojobo
 55839 | Depths:5 | Noticed a caustic shrike
 55840 | Depths:5 | Noticed a caustic shrike
 55840 | Depths:5 | Noticed a caustic shrike
 55841 | Depths:5 | Noticed a caustic shrike
 55939 | Depths:5 | Killed a caustic shrike
 55939 | Depths:5 | Killed a caustic shrike
 55943 | Depths:5 | Killed a caustic shrike
 55944 | Depths:5 | Killed a caustic shrike
 56033 | Depths:5 | Reached skill level 15 in Short Blades
 56094 | Depths:5 | Reached XP level 24. HP: 129/129 MP: 50/50
 56149 | Depths:5 | Found a gate to the Realm of Zot.
 56440 | Depths:5 | Found a gateway to a ziggurat.
 56440 | Depths:5 | Noticed an ancient lich
 56450 | Depths:5 | Killed an ancient lich
 57334 | Vaults:5 | Entered Level 5 of the Vaults
 57347 | Vaults:5 | Reached skill level 15 in Fighting
 57694 | Vaults:5 | Noticed Boris
 58119 | Vaults:5 | Reached skill level 6 in Transmutations
 58633 | Vaults:5 | Identified the +9 broad axe of Income {speed, +Rage rC+ rN+
                  | Str-3}
 58694 | Vaults:5 | Identified the cursed +1 demon whip "Demonbane" {flame, rC+
                  | SInv}
 58730 | Vaults:5 | Got a silver rune of Zot
 58891 | Vaults:5 | Found the +0 sword of Power
 58894 | Vaults:5 | Identified Emmuduijo's Almanac of Icy Summoning
 58963 | Vaults:5 | Killed Boris
 59060 | Vaults:5 | Reached XP level 25. HP: 130/139 MP: 36/50
 59181 | Vaults:5 | Identified Sif Muna's Handbook of Venom and Displacement
 59622 | D:15     | Learned a level 7 spell: Malign Gateway
 59756 | Zot:1    | Entered Level 1 of the Realm of Zot
 59898 | Zot:1    | Reached skill level 3 in Translocations
 60113 | Depths:3 | Learned a level 7 spell: Spellforged Servitor
 60381 | Zot:1    | Reached skill level 1 in Summonings
 60815 | Zot:1    | Reached skill level 3 in Summonings
 60859 | Zot:1    | Found Legayx's Changing Room.
 60879 | Zot:1    | Reached skill level 6 in Translocations
 60887 | Zot:1    | Bought a potion of mutation for 96 gold pieces
 61352 | Zot:1    | Noticed an orb of fire
 61598 | Zot:1    | Killed an orb of fire
 61895 | Zot:2    | Reached skill level 9 in Translocations
 62784 | Zot:2    | Noticed an orb of fire
 62798 | Zot:2    | Killed an orb of fire
 62939 | Zot:3    | Reached XP level 26. HP: 147/147 MP: 27/50
 63311 | Zot:3    | Noticed an orb of fire
 63313 | Zot:3    | Killed an orb of fire
 63705 | Zot:3    | Reached skill level 18 in Fighting
 63846 | Zot:5    | Entered Level 5 of the Realm of Zot
 64015 | Zot:5    | Noticed an ancient lich
 64019 | Zot:5    | Killed an ancient lich
 64019 | Zot:5    | Reached skill level 23 in Spellcasting
 64275 | Zot:5    | Noticed an ancient lich
 64285 | Zot:5    | Killed an ancient lich
 64495 | Zot:5    | Reached skill level 24 in Spellcasting
 64638 | Zot:5    | Found a runed gate.
 64639 | Zot:5    | Found a runed gate.
 64640 | Zot:5    | Found a runed gate.
 64640 | Zot:5    | Noticed Rrauwl's ghost (legendary HaFi)
 64640 | Zot:5    | Noticed an ancient lich
 64649 | Zot:5    | Noticed an ancient lich
 65008 | Zot:5    | Noticed an orb of fire
 65025 | Zot:5    | Killed an orb of fire
 65057 | Zot:5    | Noticed an orb of fire
 65241 | Zot:5    | Noticed an ancient lich
 65245 | Zot:5    | Killed an ancient lich
 65275 | Zot:5    | Noticed an ancient lich
 65280 | Zot:5    | Killed an ancient lich
 65280 | Zot:5    | Reached skill level 25 in Spellcasting
 65319 | Zot:5    | Noticed an ancient lich
 65352 | Zot:5    | Gained mutation: You are clumsy. (Dex -2) [an orb of fire]
 65354 | Zot:5    | Killed an orb of fire
 65417 | Zot:5    | Noticed an orb of fire
 65431 | Zot:5    | Killed an orb of fire
 65697 | Zot:5    | Reached XP level 27. HP: 151/151 MP: 30/53
 65708 | Zot:5    | Reached skill level 26 in Spellcasting
 66040 | Zot:5    | Noticed an orb of fire
 66153 | Zot:5    | Killed an orb of fire
 66182 | Zot:5    | Killed an ancient lich
 66598 | Zot:5    | Found a runed gate.
 66599 | Zot:5    | Found a runed gate.
 66600 | Zot:5    | Found a runed gate.
 66815 | Zot:5    | Got the Orb of Zot
 67065 | Depths:5 | Gained mutation: You occasionally shout uncontrollably at
                  | your foes. [a neqoxec]
 67387 | D:7      | Noticed Jityumit the pandemonium lord
 67481 | D:2      | Killed Sigmund
 67596 | D:$      | Escaped with the Orb!

Vault maps used:
D:1:      dpeg_cavernosity
D:2:      minmay_tree_intersection, uniq_robin, uniq_jessica, uniq_sigmund
D:3:      chequers_temple_overflow_minitemple, uniq_terence
D:4:      minmay_temple_entry_trees, gammafunk_ghost_stat_death, uniq_eustachio,
          uniq_grinder
D:5:      gammafunk_ghost_icy, first_ration, lightli_corner_chamber
D:6:      nicolae_overflow_hidden_temple, serial_shops, kennysheep_mini_moat,
          gammafunk_ghost_grave
D:8:      uniq_prince_ribbit1
D:11:     dpeg_oklobed_lair, blue_anna_alchemist, minmay_joined_circles
D:12:     ebering_ghost_xom, enter_trove_1
D:13:     david_vaults_1
D:14:     hangedman_abyss_or_decor_lesser_grid
D:15:     hangedman_depths_entry_try_elsewhere_first, fountainhead, ice2_lemuel
Temple:   dpeg_chambers_temple
Lair:2:   nicolae_spider_entry_tight_spaces, special_room,
          infiniplex_staircase_pool, grunt_megastairs_1, uniq_gastronok,
          uniq_erica
Lair:3:   uniq_snorg
Lair:4:   elwin_shoals_entry_rocks, ebering_ghost_funeral_grove, basic_altar,
          lab_entry_generic, grunt_megastairs_2, serial_bayou_shore_a
Lair:5:   gammafunk_ghost_icy, hangedman_lair_generics_rect
Lair:6:   evilmike_catoblepas_cave, dpeg_slime_entry_enclosed_altar,
          serial_forest, infiniplex_forest_lined_2,
          infiniplex_forest_straight_2, infiniplex_forest_straight_5,
          infiniplex_forest_end_2, infiniplex_forest_straight_3,
          infiniplex_forest_straight_1, infiniplex_forest_lined_corner,
          infiniplex_forest_lined_3, infiniplex_forest_end_1,
          infiniplex_forest_pool, lemuel_fruit_tree
Shoals:1: ebering_ghost_gozag
Shoals:2: argonaut_golden_fleece
Shoals:4: shoals_end_simple, serial_shops, nicolae_shop_stone, yaktaur_hedge
Spider:3: spiders_nest_scorpion_pit
Spider:4: grunt_spider_rune_circles, ebering_ghost_xom
Orc:2:    st_orc_open, bloody_trog, uniq_azrael
Elf:1:    minmay_elf_arrival_plus, serial_shops, shop, minivault_28,
          einodemon_armed_red_devil_minivault, uniq_frances
Elf:2:    serial_shops, nicolae_shop_waterfront, portal_desolation_entry_salt,
          serial_sigils, serial_sigils_hangedman_shear,
          serial_sigils_hangedman_writhe, serial_sigils_hangedman_gut,
          eino_tiny_chamber
Elf:3:    minmay_elf_hall_four_x, serial_shops, nicolae_shop_stone,
          nicolae_shop_behind_doors, shop, basic_stair_grate_trap
Vaults:1: v_misc_33, ontoclasm_vaults_chip, grunt_vaults_hallway_short,
          nicolae_vaults_network_s, v_misc_14, v_alt_pattern_2,
          nicolae_vaults_three_branches, nicolae_vaults_rhombus_5,
          vaults_room_grunt_arrival_ludios, v_misc_15
Vaults:2: nicolae_vaults_quartermaster, nicolae_vaults_theta, vaults_mumra_lcd,
          ontoclasm_vaults_fault, nicolae_vaults_network_star,
          minmay_crypt_entry_simple_plaza, hangedman_vaults_locks,
          hangedman_vaults_corner_blocks, v_rooms_6, vaults_dpeg_ring,
          grunt_vaults_hallway_long, vaults_mumra_hexcomb
Vaults:3: hangedman_vaults_trim, nicolae_vaults_hallways_thing,
          special_room_vaults, hangedman_vaults_restitches,
          grunt_vaults_hallway_short, v_misc_10, v_rooms_5,
          ontoclasm_vaults_loading_screen, ontoclasm_vaults_ring_small,
          v_rooms_1, grunt_vaults_hallway_short, nicolae_vaults_specimen_jars,
          hangedman_vaults_river_flow
Vaults:4: vaults_room_grunt_arrival_checkpoint, ontoclasm_vaults_ring_square,
          hangedman_vaults_corner_blocks, nicolae_vaults_octagons,
          vaults_mumra_chevron_long, ontoclasm_vaults_twist
Vaults:5: serial_shops, uniq_boris
Depths:1: pan_entry, columned_hall_lemuel, grunt_metal_band,
          minmay_serpent_palace
Depths:2: minmay_the_grid_square_5x5_5x5_mashed, hangedman_decor_growths,
          pf_hell_entry_tar_spiral, uniq_asterion
Depths:3: kennysheep_water_balloons, serial_shops, bzr_entry_road, hell_entry,
          nrook_campfire, grunt_pan_entry_in_and_out, infiniplex_staircase_star,
          firewood_loft, uniq_boris
Depths:4: spriggan_forest, hell_entry, abyss_entry
Depths:5: grunt_twist_and_shout, enter_ziggurat_c, rand_demon_pan_entry_5,
          pf_coc_iceberg, minmay_stone_trees_small, small_chamber_with_monster,
          uniq_sojobo
Zot:1:    grunt_zot_stairs_mandelzot, nicolae_transmutations_shop
Zot:2:    st_small_dragon_hoard_3
Zot:4:    lemuel_elevator
Zot:5:    gammafunk_ghost_necromancy
Lab:      labyrinth_skeletal_remains, nicolae_lab_plus, nicolae_lab_x,
          lab_statue, labyrinth_lava_lair, nicolae_lab_lava, lab_hedge
Bazaar:   bazaar_minmay_generic_box

Skill      XL: |  1  2  3  4  5  6  7  8  9 10 11 12 13 14 15 16 17 18 19 20 21 22 23 24 25 26 27 |
---------------+----------------------------------------------------------------------------------+-----
Conjurations   | 3 4 5 10 11 | 11.8
Spellcasting   | 3 4 5 6 7 8 10 12 14 16 19 20 22 25 26 | 26.7
Hexes          | 1 2 3 5 6 7 9 13 16 | 16.1
Dodging        | 5 10 14 15 16 17 18 20 21 22 23 | 23.9
Stealth        | 9 10 12 14 17 21 16 17 18 21 23 | 23.7
Transmutations | 2 5 7 |  7.5
Evocations     | 3 5 7 9 11 | 11.8
Air Magic      | 1 2 |  2.4
Short Blades   | 6 10 15 16 | 16.0
Fighting       | 2 6 8 10 12 14 16 17 18 | 18.0
Translocations | 1 11 | 11.8
Armour         | 1 2 |  2.0
Shields        | 5 7 |  7.2
Charms         | 7 |  7.5
Necromancy     | 4 |  4.0
Summonings     | 5 |  5.6
Poison Magic   | |  0.6

Action                   |  1- 3 |  4- 6 |  7- 9 | 10-12 | 13-15 | 16-18 | 19-21 | 22-24 | 25-27 || total
-------------------------+-------+-------+-------+-------+-------+-------+-------+-------+-------++-------
Melee: Unarmed           |     2 |       |       |       |       |       |       |       |       ||     2
       Short sword       |    12 |       |       |     1 |       |       |       |       |       ||    13
       Dagger            |       |       |       |   289 |   958 |   610 |   920 |   266 |    98 ||  3141
       Rapier            |       |       |       |       |       |   119 |       |       |       ||   119
       Quick blade       |       |       |       |       |       |       |    10 |   760 |    93 ||   863
 Fire: Hunting sling     |       |    49 |    29 |    20 |       |       |       |       |       ||    98
Throw: Throwing net      |       |       |       |       |       |     1 |       |       |       ||     1
 Cast: Magic Dart        |   115 |   116 |   248 |    76 |     6 |     5 |     1 |       |       ||   567
       Dazzling Spray    |       |     9 |    72 |    42 |     1 |     4 |       |       |       ||   128
       Searing Ray       |       |     3 |    12 |       |       |       |       |       |       ||    15
       Fulminant Prism   |       |       |    16 |    83 |    46 |   102 |    28 |       |     2 ||   277
       Mephitic Cloud    |       |       |       |    20 |    95 |    51 |    70 |     4 |       ||   240
       Iskenderun's Myst |       |       |       |     8 |     2 |    74 |    21 |     7 |       ||   112
       Confuse           |       |       |       |    85 |   283 |   228 |   236 |   214 |    50 ||  1096
       Blink             |       |       |       |       |     5 |     7 |     4 |    15 |     2 ||    33
       Sticks to Snakes  |       |       |       |       |       |     7 |     1 |     6 |       ||    14
       Orb of Destructio |       |       |       |       |       |    39 |    77 |   102 |   198 ||   416
       Yara's Violent Un |       |       |       |       |       |     8 |    32 |    21 |     9 ||    70
       Irradiate         |       |       |       |       |       |     8 |    15 |    21 |     1 ||    45
       Discord           |       |       |       |       |       |     1 |    23 |    30 |    13 ||    67
       Deflect Missiles  |       |       |       |       |       |       |     1 |     1 |       ||     2
       Regeneration      |       |       |       |       |       |       |     1 |     3 |       ||     4
       Spellforged Servi |       |       |       |       |       |       |       |       |    11 ||    11
       Malign Gateway    |       |       |       |       |       |       |       |       |    14 ||    14
Invok: Curse Item        |       |       |     4 |     1 |     3 |     2 |     1 |       |     1 ||    12
       Transfer Knowledg |       |       |       |       |       |     2 |       |       |       ||     2
       Scrying           |       |       |       |       |       |       |       |       |     3 ||     3
 Abil: Evoke Invisibilit |       |       |       |       |       |       |     4 |     1 |     3 ||     8
Evoke: Wand              |       |       |     2 |    11 |    67 |   109 |    11 |    24 |    11 ||   235
       Lightning rod     |       |       |       |     3 |    12 |     2 |     3 |     5 |       ||    25
       Lamp of fire      |       |       |       |       |       |     1 |     1 |     5 |     2 ||     9
  Use: Scroll            |       |       |     1 |    13 |    15 |    10 |     9 |     5 |    16 ||    69
       Potion            |       |       |       |       |     4 |     1 |     1 |       |     6 ||    12
 Stab: Sleeping          |       |       |       |    18 |    38 |    49 |    67 |    54 |    16 ||   242
       Confused          |       |       |       |    69 |   250 |   158 |   272 |   136 |    34 ||   919
       Invisible         |       |       |       |     2 |     8 |     5 |    21 |     5 |     4 ||    45
       Paralysed         |       |       |       |     1 |     1 |     3 |       |    10 |       ||    15
       Distracted        |       |       |       |       |     1 |     1 |    10 |     3 |     2 ||    17
       Held in net/web   |       |       |       |       |       |       |     1 |       |       ||     1
       Petrifying        |       |       |       |       |       |       |       |     9 |     1 ||    10
       Petrified         |       |       |       |       |       |       |       |       |     1 ||     1
  Eat: Ration            |       |       |     3 |     4 |     6 |    10 |    15 |    10 |     5 ||    53
Armor: Robe              |    10 |     6 |     3 |     7 |    11 |    24 |    17 |    16 |     3 ||    97
Dodge: Dodged            |    63 |    43 |    50 |   121 |   308 |   446 |   497 |   387 |   186 ||  2101
       Deflected         |       |       |       |       |       |       |     7 |    17 |     8 ||    32
Block: Buckler           |       |       |       |       |       |   133 |   265 |   195 |    75 ||   668

Table legend:
 A = Non-vault XP
 B = Vault XP
 C = Vault XP percentage of total XP
 D = Non-vault monster count
 E = Vault monster count
 F = Vault count percentage of total count
                 A         B        C        D         E       F
            +---------+---------+-------+---------+---------+-------
      Total |  736355 |  801700 |  52.1 |    1530 |     984 |  39.1
            +---------+---------+-------+---------+---------+-------
        D:1 |      41 |      28 |  40.6 |      19 |       8 |  29.6
        D:2 |      42 |     262 |  86.2 |      16 |       9 |  36.0
        D:3 |      78 |      36 |  31.6 |      20 |       1 |   4.8
        D:4 |     281 |     822 |  74.5 |       7 |       5 |  41.7
        D:5 |     562 |     161 |  22.3 |      16 |       7 |  30.4
        D:6 |     390 |     763 |  66.2 |      14 |       1 |   6.7
        D:7 |     827 |       0 |   0.0 |      30 |       0 |   0.0
        D:8 |    1472 |     268 |  15.4 |      29 |       1 |   3.3
        D:9 |     800 |       0 |   0.0 |      15 |       0 |   0.0
       D:10 |    2829 |       0 |   0.0 |      26 |       0 |   0.0
       D:11 |    2561 |    2334 |  47.7 |      18 |      12 |  40.0
       D:12 |    2856 |       0 |   0.0 |      29 |       0 |   0.0
       D:13 |    7907 |    1649 |  17.3 |      27 |       3 |  10.0
       D:14 |    3979 |       0 |   0.0 |      28 |       0 |   0.0
       D:15 |   25098 |    4531 |  15.3 |      70 |      17 |  19.5
     Lair:1 |    4364 |       0 |   0.0 |      20 |       0 |   0.0
     Lair:2 |    4693 |    7829 |  62.5 |      22 |      41 |  65.1
     Lair:3 |    6506 |     962 |  12.9 |      24 |       1 |   4.0
     Lair:4 |    3692 |    1721 |  31.8 |      15 |       8 |  34.8
     Lair:5 |    9509 |    2406 |  20.2 |      31 |       7 |  18.4
     Lair:6 |   13521 |   10581 |  43.9 |      32 |      23 |  41.8
   Shoals:1 |   16347 |       0 |   0.0 |      34 |       0 |   0.0
   Shoals:2 |   14633 |       0 |   0.0 |      28 |       0 |   0.0
   Shoals:3 |    9636 |       0 |   0.0 |      23 |       0 |   0.0
   Shoals:4 |   13423 |   16820 |  55.6 |      31 |      35 |  53.0
   Spider:1 |   11285 |       0 |   0.0 |      41 |       0 |   0.0
   Spider:2 |    4243 |       0 |   0.0 |      13 |       0 |   0.0
   Spider:3 |   16382 |    7766 |  32.2 |      52 |      21 |  28.8
   Spider:4 |   13813 |   22551 |  62.0 |      46 |      41 |  47.1
      Orc:1 |    2117 |       0 |   0.0 |      27 |       0 |   0.0
      Orc:2 |    5578 |   17036 |  75.3 |      49 |      45 |  47.9
      Elf:1 |   20257 |   10903 |  35.0 |      36 |      21 |  36.8
      Elf:2 |   22912 |   23192 |  50.3 |      36 |      31 |  46.3
      Elf:3 |   22109 |   59871 |  73.0 |      37 |      41 |  52.6
   Vaults:1 |   30638 |   13169 |  30.1 |      65 |      22 |  25.3
   Vaults:2 |   38859 |   17563 |  31.1 |      83 |      32 |  27.8
   Vaults:3 |   18246 |   30347 |  62.5 |      42 |      57 |  57.6
   Vaults:4 |   36096 |   11962 |  24.9 |      54 |      13 |  19.4
   Vaults:5 |   16776 |  100147 |  85.7 |      26 |      87 |  77.0
   Depths:1 |   32988 |   20458 |  38.3 |      54 |      48 |  47.1
   Depths:2 |   31140 |   39763 |  56.1 |      49 |      48 |  49.5
   Depths:3 |   23741 |   27454 |  53.6 |      31 |       9 |  22.5
   Depths:4 |    3323 |   58058 |  94.6 |      13 |     100 |  88.5
   Depths:5 |   67261 |   39840 |  37.2 |      52 |      20 |  27.8
      Zot:1 |   54067 |   38772 |  41.8 |      37 |      25 |  40.3
      Zot:2 |   36650 |   11326 |  23.6 |      12 |       6 |  33.3
      Zot:3 |   47429 |       0 |   0.0 |      33 |       0 |   0.0
      Zot:4 |       0 |    1276 | 100.0 |       0 |       1 | 100.0
      Zot:5 |   33214 |  150250 |  81.9 |      17 |      41 |  70.7
        Lab |    1184 |     257 |  17.8 |       1 |       2 |  66.7
 Desolation |       0 |   48566 | 100.0 |       0 |      94 | 100.0
            +---------+---------+-------+---------+---------+-------
